Cogmind - Beta 10 @@@ ROGUE MODE // 2020.09.17 @ 00:40:43 Player: DragoX Result: Destroyed by D-53 Grenadier with Mini Grenade Launcher Performance ------------- Evolutions (0) 0 Regions Visited (2) 400 Robots Destroyed (53) 265 Value Destroyed (792) 792 Prototype IDs (2) 40 Alien Tech Used (0) 0 Bonus (0) 0 TOTAL SCORE: 1497 Bonus ------- None Cogmind --------- Core Integrity 0/250 Matter 51/300 Energy 100/100 System Corruption 0% Temperature Cool (0) Movement Treading (160) Location -10/Mines Parts ------- > --- POWER (1) -------- (None) > --- PROPULSION (2) --- Improved Treads > --- UTILITY (2) ------ Large Storage Unit Structural Scanner > --- WEAPON (2) ------- Mini Grenade Launcher > --- INVENTORY (10) --- Large Battery (300) Improved Terrain Scanner Mini Grenade Launcher Peak State ------------ > --- POWER ------------ Ion Engine > --- PROPULSION ------- Improved Treads Improved Treads > --- UTILITY ---------- Large Storage Unit Structural Scanner > --- WEAPON ----------- Mini Grenade Launcher Mini Grenade Launcher > --- INVENTORY -------- Light Treads Light Treads Large Battery Improved Terrain Scanner Datajack [Rating: 11] Favorites ----------- Power Light Ion Engine Engine Light Ion Engine Propulsion Wheel Treads Improved Treads Wheel Wheel Flight Unit Flight Unit Utility Seismic Analyzer Device ECM Suite Storage Large Storage Unit Processor Seismic Analyzer Weapon Mini Grenade Launcher Energy Gun EM Pulse Gun Ballistic Gun Light Assault Rifle Launcher Mini Grenade Launcher Special Melee Weapon Datajack Build | -11 -10 -10 ------- Run | Scr Mat Min Slots Evolved . | . . . Power . | . . . Propulsion . | . . . Utility . | . . . Weapon . | . . . Parts Attached 28 | 8 19 1 Power 6 | 2 4 . Engine 6 | 2 4 . Core . | . . . Reactor . | . . . Propulsion 9 | 2 7 . Treads 6 | . 6 . Leg . | . . . Wheel 2 | 2 . . Hover . | . . . Flight 1 | . 1 . Utility 5 | 2 3 . Device 3 | 1 2 . Storage 1 | . 1 . Processor 1 | 1 . . Hackware . | . . . Protection . | . . . Artifact . | . . . Weapon 8 | 2 5 1 Energy Gun 2 | 1 1 . Energy Cannon . | . . . Ballistic Gun 1 | 1 . . Ballistic Cannon . | . . . Launcher 4 | . 4 . Special Weapon . | . . . Impact Weapon . | . . . Slashing Weapon . | . . . Piercing Weapon . | . . . Special Melee Weapon 1 | . . 1 Unidentified Prototypes . | . . . Parts Lost 10 | . 7 3 Power 2 | . 1 1 Propulsion 3 | . 2 1 Utility 1 | . 1 . Weapon 4 | . 3 1 Highest Loss Streak 3 | . 3 2 Average Slot Usage (%) 92 | . 92 83 Engine 12 | . 13 . Treads 6 | . 3 28 Wheel 16 | . 17 . Flight 1 | . 1 . Device 13 | . 13 14 Storage 6 | . 6 14 Processor 7 | . 7 . Energy Gun 8 | . 9 . Ballistic Gun 4 | . 4 . Launcher 13 | . 12 25 Naked Turns . | . . . Heaviest Build 27 | 7 27 24 Greatest Support 46 | 20 46 46 Greatest Overweight (x) 7 | . 7 . Average Overweight (x) . | . . . Largest Inventory Capacity 10 | 4 10 10 Average Capacity 6 | 4 6 10 Most Carried 7 | 2 7 3 Average Carried 2 | . 2 3 Final Capacity 10 | 4 10 10 Final Carried 3 | 1 3 3 Class Distribution -------------------- 100% | Mutant Dominant Class ---------------- Mutant | -10/Materials Mutant | -10/Mines Resources | -11 -10 -10 ----------- Run | Scr Mat Min Matter Collected 764 | 282 450 32 Remotely . | . . . Salvage Created 911 | 148 715 48 Parts 71 | 16 50 5 Haulers Intercepted 1 | . 1 . Recyclers Shooed 4 | . 4 . Parts Field Recycled . | . . . Retrieved Matter . | . . . Parts Self-Destructed . | . . . Prevented . | . . . Kills | -11 -10 -10 ------- Run | Scr Mat Min Combat Hostiles Destroyed 33 | 1 19 13 Melee 1 | . . 1 Guns 7 | 1 6 . AOE 25 | . 13 12 Classes Destroyed 10 | 3 6 1 Worker 4 | 1 3 . Builder 2 | . 2 . Tunneler 6 | 4 2 . Hauler 1 | . 1 . Recycler 3 | . 3 . Operator 1 | . 1 . Watcher 3 | . 3 . Swarmer 9 | . 6 3 Grunt 14 | 1 13 . Assembled 10 | . . 10 Best Kill Streak 11 | 3 11 9 Combat Bots Only 9 | 1 3 9 Max Kills in Single Turn 3 | 1 2 3 Gunslinging . | . . . Exploded 3 | . 2 3 Melee 1 | . . 1 Uniques/NPCs Destroyed . | . . . Combat | -11 -10 -10 -------- Run | Scr Mat Min Damage Taken 1059 | 22 646 391 Core 252 | . 161 91 Absorbed by Shields . | . . . Core Remaining (%) 100 | 100 . . Volleys Fired 102 | 17 75 10 Largest 2 | 2 2 2 Hottest 60 | 60 60 60 Shots Fired 118 | 19 79 20 Gun 56 | 19 37 . Cannon . | . . . Launcher 62 | . 42 20 Special . | . . . Kinetic 2 | 2 . . Thermal 23 | . 23 . Explosive 62 | . 42 20 Electromagnetic 31 | 17 14 . Robot Hit Streak 16 | 7 16 11 Robot Miss Streak 3 | 1 3 1 Penetration Max . | . . . Secondary Targets . | . . . Shots Hit Robots 52 | 13 30 9 Core Hits 88 | 6 56 26 Critical Hits . | . . . Critical Kills . | . . . Critical Parts Destroyed . | . . . Melee Attacks . | . . . Impact . | . . . Slashing . | . . . Piercing . | . . . Sneak Attacks . | . . . Combat Hostiles . | . . . Follow-up Attacks . | . . . Damage Inflicted 2936 | 148 1995 793 Guns 468 | 148 320 . Cannons . | . . . Explosions 2430 | . 1644 786 Melee . | . . . Ramming 38 | . 31 7 Kinetic 10 | 10 . . Thermal 236 | . 236 . Explosive 2395 | . 1609 786 Electromagnetic 257 | 138 119 . Impact . | . . . Slashing . | . . . Piercing . | . . . Highest Corruption . | . . . Average Corruption . | . . . Corruption Purged . | . . . Overload Shots . | . . . Overflow Damage 61 | . 12 49 Projectiles . | . . . Explosions 61 | . 12 49 Melee . | . . . Knockbacks . | . . . Impact . | . . . Kinetic . | . . . Secondary . | . . . Self-Inflicted Damage 201 | . 163 38 Shots 10 | . 7 3 Rammed 14 | . 8 6 Targets Rammed 15 | . 8 7 Kicked . | . . . Crushed 1 | . . 1 Highest Temperature 45 | 40 45 . Average Temperature 15 | 17 15 . Received Heat Transfer 302 | 12 210 80 Siege Activations . | . . . Robots Corrupted . | . . . Combat Hostiles . | . . . Parts Fried 1 | . 1 . Impact Corruptions . | . . . Robots Melted . | . . . Combat Hostiles . | . . . Parts Melted 1 | . 1 . Heat Transferred 642 | . 642 . Parts Sabotaged . | . . . Parts Stolen . | . . . Parts Stripped . | . . . Power Chain Reactions 1 | . 1 . Missiles Intercepted . | . . . Alert | -11 -10 -10 ------- Run | Scr Mat Min Peak Influence 361 | 45 361 201 Initial 96 | . 29 96 Average 126 | 19 132 175 Maximum Alert Level 1 | . 1 1 Low Security (%) 70 | 100 64 94 Level 1 29 | . 35 5 Level 2 . | . . . Level 3 . | . . . Level 4 . | . . . Level 5 . | . . . High Security . | . . . Max Security . | . . . Squads Dispatched 6 | . 6 . Investigation 5 | . 5 . Extermination . | . . . Reinforcement 1 | . 1 . Assault . | . . . Garrison . | . . . Intercept . | . . . Construction Impeded . | . . . Haulers Reinforced . | . . . Stealth | -11 -10 -10 --------- Run | Scr Mat Min Distress Signals 1 | . 1 . Communications Jammed . | . . . Distress Signals . | . . . Times Spotted 42 | 1 27 14 Peak Tracking Total 5 | 1 5 5 Tactical Retreats 2 | . 2 . Traps | -11 -10 -10 ------- Run | Scr Mat Min Traps Triggered . | . . . Indirectly . | . . . Trap Hack Attempts . | . . . Triggered . | . . . Disarmed . | . . . Reprogrammed 6 | . 6 . Reused . | . . . Traps Extracted . | . . . Installed . | . . . Triggered . | . . . Machines | -11 -10 -10 ---------- Run | Scr Mat Min Machines Disabled 6 | . 6 . Max in Single Turn 2 | . 2 . Machines Sabotaged . | . . . Garrisons Compromised . | . . . Overloaded Fab Kills . | . . . Fab Network Shutdowns . | . . . Hacking | -11 -10 -10 --------- Run | Scr Mat Min Machines Accessed 8 | . 8 . Terminals 6 | . 6 . Fabricators . | . . . Repair Stations 1 | . 1 . Recycling Units 1 | . 1 . Scanalyzers . | . . . Garrison Access . | . . . Total Hacks 34 | . 34 . Successful 23 | . 23 . Failed 11 | . 11 . Catastrophic 1 | . 1 . Database Lockouts . | . . . Manual . | . . . Terminals 23 | . 23 . Fabricators . | . . . Repair Stations 4 | . 4 . Recycling Units 7 | . 7 . Scanalyzers . | . . . Garrison Access . | . . . Terminal Hacks 14 | . 14 . Record 1 | . 1 . Prototype ID Bank 1 | . 1 . Emergency Access Points 1 | . 1 . Alert Level 1 | . 1 . Unreport Threat 1 | . 1 . Locate Traps 1 | . 1 . Reprogram Traps 1 | . 1 . Dispatch Records 2 | . 2 . Patrol Status 1 | . 1 . Assault Status 1 | . 1 . Recall Assault 1 | . 1 . Registered Prototypes 1 | . 1 . Zone Layout 1 | . 1 . Fabricator Hacks . | . . . Repair Station Hacks 4 | . 4 . Scan Component 2 | . 2 . Repair 2 | . 2 . Recycling Unit Hacks 5 | . 5 . Recycle Component 2 | . 2 . Process 1 | . 1 . Report Inventory 1 | . 1 . Retrieve Components 1 | . 1 . Scanalyzer . | . . . Garrison Access Hacks . | . . . Unauthorized Hacks . | . . . Terminals . | . . . Fabricators . | . . . Repair Stations . | . . . Recycling Units . | . . . Scanalyzers . | . . . Garrison Access . | . . . Data Cores Recovered . | . . . Used . | . . . Hacking Detections 6 | . 6 . Full Trace Events 6 | . 6 . Feedback Events . | . . . Feedback Blocked . | . . . Robot Schematics Acquired . | . . . Robots Built . | . . . Matter . | . . . Time . | . . . Total Robot Build Rating . | . . . Part Schematics Acquired . | . . . Parts Built . | . . . Matter . | . . . Time . | . . . Total Part Build Rating . | . . . Parts Repaired 1 | . 1 . Time 52 | . 52 . Parts Recycled 2 | . 2 . Recycled Matter 87 | . 87 . Retrieved Matter . | . . . Retrieved Components . | . . . Parts Scanalyzed . | . . . Part Schematics Acquired . | . . . Parts Damaged . | . . . Bothacking | -11 -10 -10 ------------ Run | Scr Mat Min Used RIF Installer . | . . . Robots Hacked . | . . . Non-combat . | . . . Combat . | . . . Robot Hacks Applied . | . . . Relay Couplers Released . | . . . Robots Rewired . | . . . Allies Hacked . | . . . Hacks Repelled . | . . . Allies | -11 -10 -10 -------- Run | Scr Mat Min Total Allies . | . . . Largest Group . | . . . Highest-Rated Group . | . . . Highest-Rated Ally . | . . . Total Orders . | . . . Ally Attacks . | . . . Total Damage . | . . . Kills . | . . . Allies Corrupted . | . . . Allies Melted . | . . . Intel | -11 -10 -10 ------- Run | Scr Mat Min Robot Analysis Total . | . . . Derelict Logs Recovered 1 | . . 1 Drone Launches . | . . . Drone Recoveries . | . . . Exploration | -11 -10 -10 ------------- Run | Scr Mat Min Turns Passed 1856 | 157 1549 150 Spaces Moved 987 | 125 798 64 Core 49 | 17 32 . Treads 155 | . 91 64 Legs . | . . . Wheels 783 | 108 675 . Hover . | . . . Flight . | . . . Fastest Speed 50 | 50 80 160 Average Speed 106 | 75 107 160 Slowest Speed 400 | 80 400 160 Overloaded Moves . | . . . Propulsion Burnouts . | . . . Robots Hopped . | . . . Cave-ins Triggered . | . . . Exploration Rate (%) 43 | 7 94 30 Regions Visited 2 Branch Regions 1 Pre-discovered Areas . | . . . Known Exits Taken . | . . . Unknown Exits Taken 2 | 1 1 . Scrap Searched . | . . . Spaces Dug 27 | . 8 19 Terrain Destroyed 341 | . 175 166 Melee . | . . . Projectile . | . . . AOE 341 | . 175 166 Terrain Rammed . | . . . Walls Destroyed . | . . . Machines Disabled . | . . . Actions | -11 -10 -10 --------- Run | Scr Mat Min Total 1670 | 168 1415 87 Wait 494 | 9 480 5 Move 985 | 124 797 64 Hop . | . . . Pick Up 32 | 9 23 . Fast Attach . | . . . Attach 21 | 7 14 . Detach 4 | . 4 . Swap 7 | 1 5 1 Drop 10 | 1 9 . Fire 102 | 17 75 10 Melee . | . . . Ram 8 | . 8 . Kick . | . . . Crush 7 | . . 7 Escape Stasis . | . . . Rewire . | . . . Trap . | . . . Miscellaneous . | . . . Route ------- -11/Scrapyard -10/Materials (discovered 3 exits: [*Mat x2] / [*Min]) -10/Mines History --------- Turn | Location | Event 2 | -11/Scrapyard | Met Revision 17 68 | -11/Scrapyard | Discovered new exit (range 8) 158 | -11/Scrapyard | Entered Materials 311 | -10/Materials | Build established: Mutant 922 | -10/Materials | Lost 3 parts (1p1n1w) 1083 | -10/Materials | Discovered new exit (range 15) 1283 | -10/Materials | Discovered new exit (range 3) 1325 | -10/Materials | Core integrity fell below 50% 1338 | -10/Materials | Discovered new exit (range 15) 1403 | -10/Materials | Repaired Ion Engine 1707 | -10/Materials | Entered Mines 1751 | -10/Mines | Assembled infested the area 1755 | -10/Mines | Learned Materials security intel 1823 | -10/Mines | Core integrity fell below 20% 1836 | -10/Mines | Destroyed 9 combat bots 1857 | -10/Mines | Destroyed by D-53 Grenadier with Mini Grenade Launcher Last Messages --------------- [Achievement: Oops] The unstable cave ceiling collapses. Acquired 20 matter. The unstable cave ceiling collapses. Datajack destroyed. Slammed into as-99355. The unstable cave ceiling collapses. Slammed into as-99355. The unstable cave ceiling collapses. Crushed as-99355. as-99355 destroyed. Acquired 12 matter. The unstable cave ceiling collapses. as-95732 destroyed. The unstable cave ceiling collapses. Slammed into D-53 Grenadier. The unstable cave ceiling collapses. R-06 Scavenger destroyed. Imp. Treads destroyed. [Achievement: First Step to Greatness] Map ----- +----------------------------------------------------+ | ?????????????????????????????????????????????????? | | ?????????????????????????????????????????????????? | | ?????????????????????????????????????????????????? | | ?????????????????????????????????????????????????? | | ?????????????????????????????????????????????????? | | ?????????????????????????????????????????????????? | | ?????????????????????????????????????????????????? | | ?????????????????????????????????????????????????? | | ?????????????????????????????????????????????????? | | ?????????????????????????????????????????????????? | | ?????????????????????????????????????????????????? | | ????????????????????? #??????????????????????????? | | ?????????????????? #?????????????????????????? | | ???????????????? ?????????????????????????? | | ??????????????? #????????????????????????? | | ??????????????#? #### ???????????????????? | | ?????????????# ? ???##??????????????? | | ?????????????? ? ""? ##?????????????? | | ???????????????# ? """ #?????????????? | | ???????????????? ? % """ ??????????????? | | ?????????????????? ? % """ ????????????????? | | ??????????????????? # = ?????????????????? | | ???????????????????## =%* #?????? ?????????? | | ???????????????????# = #?#### ??????????? | | ???????????????????# # ""???????????? | | ???????????????????# @d * ##???????????????? | | ??????????????????### #???????????????? | | ?????????????????## # = ##???????????????? | | ??????????????#### # # #????????????????? | | ?????????????## # #???????????????? | | ????????????## #??????????????? | | ???????????## # ##??????????????? | | ???????????# #???????????????? | | ???????????# = # # ## #??###??????????? | | ???????????# < # #### ? #??????????? | | ???????????# # # ###??? #### #??????????? | | ???????????# ###### #??# #??????????? | | ???????????# ## # #?## ##??# #??????????? | | ???????????# # ##??####???# #??????????? | | ???????????## # # ########### #??????????? | | ???????????# # #??????????? | | ???????????## # ### ## ###### #??????????? | | ????????????# #?# ## #????# ######?????? | | ????????????# # ####?# ## #????# #?????? | | ????????????# ##????# ## ????###### #?????? | | ????????????## ##?????# ####?????????# #?????? | | ?????????????#### #??????# #??????????### ##????? | | ????????????????# #??????# #????# ##### ##???? | | ????????????????# #??????# #????# ##??? | | ????????????????####??????? ?????###### ##?? | +----------------------------------------------------+ Best States ------------- Heat Dissipation 25 Energy Generation 10 Energy Capacity 250 Matter Stores 300 Matter Capacity 300 Sight Range 16 Terrain Scan Range 16 Terrain Scan Density 60 ECM Strength 1 Evasion (%) 50 Recoil Reduction 2 Item Schematics ----------------- None Robot Schematics ------------------ None Fabricated ------------ Nothing Alien Tech Used ----------------- None Achievements -------------- Crack Shot Everything Is Under Control First Step to Greatness Loot Pinata One Hack Too Far Oops Part-time Mechanic Remodeling Uninvited Guest Challenges ------------ None Game ------ Seed SiegeFortressChip Manual? 0 Play Time 01:02:47 Cumulative 2.0 hours Start 2020.09.16 @ 23:31:15 End 2020.09.17 @ 00:40:43 Sessions 1 Manual Loads 0 Difficulty Rogue Special Mode None Game No. 1 Rogue 1 Adventurer 0 Explorer 0 Win Type - Total 0 Types 0/0/0/0/0/0/0/0/0 Lore% 0 Gallery% 2 Achievement% 3 Wizard Run 0 Options --------- ASCII 0 Keyboard 0 Movement Numpad Keybinds 0 Fullscreen 1 Font 18/X11Bold Map View 76x50 Tactical HUD 0 Map Filters NONE Filters NONE Steam 0 RUN: cc2f62e6-1284-4d87-ba01-e6299bc51ab4